 Dungeon Crawl Stone Soup version 0.20-a0-463-g5747544 (webtiles) character file.

528 AlphabetPasta the Cutter (level 7, -5/57 HPs)
             Began as a Centaur Assassin on Jan 10, 2017.
             Slain by a wyvern (15 damage)
             ... on level 4 of the Dungeon.
             The game lasted 00:15:54 (4209 turns).

AlphabetPasta the Cutter (Centaur Assassin)         Turns: 4209, Time: 00:15:56

Health: -5/57      AC:  7    Str: 13    XL:     7   Next: 3%
Magic:  7/7        EV: 10    Int: 10    God:
Gold:   163        SH:  0    Dex: 13    Spells: 6/6 levels left

rFire  . . .     SeeInvis .     a - +2 dagger
rCold  . . .     Gourm    .     c - +0 robe
rNeg   . . .     Faith    .     (no shield)
rPois  .         Spirit   .     l - +0 helmet
rElec  .         Reflect  .     d - +0 cloak
rCorr  .         Harm     .     i - +0 pair of gloves
MR     .....                    (no barding)
Stlth  ++........               (no amulet)
                                (no ring)
                                (no ring)

@: very slightly contaminated, invisible, very quick
A: hooves 3, deformed body, speed 2, tough skin 3
a: no special abilities


You were on level 4 of the Dungeon.
You were not hungry.

You visited 1 branch of the dungeon, and saw 4 of its levels.

You collected 163 gold pieces.

Inventory:

Hand Weapons
 a - a +2 dagger (weapon)
 b - a +0 blowgun
Missiles
 e - 19 poisoned needles
 p - 2 curare-tipped needles
 x - 6 needles of paralysis
Armour
 c - a +0 robe (worn)
 d - a +0 cloak (worn)
 i - a +0 pair of gloves (worn)
 l - a +0 helmet (worn)
Wands
 n - a wand of random effects (20/48)
Scrolls
 j - 2 scrolls of remove curse
 k - a scroll of enchant weapon {unknown}
Potions
 m - 2 potions of brilliance
 o - a potion of might
 q - a potion of flight {unknown}
 t - a potion of ambrosia {unknown}
 u - a potion of magic {unknown}
 v - a potion of haste {unknown}
Comestibles
 f - 3 chunks of flesh
 g - 2 bread rations
 h - 2 meat rations
 s - 4 beef jerkies
 w - 3 fruits


   Skills:
 + Level 3.2 Fighting
 * Level 4.0 Short Blades
 + Level 3.4 Throwing
 + Level 1.9 Dodging
 * Level 3.8 Stealth


You had 6 spell levels left.
You didn't know any spells.

Dungeon Overview and Level Annotations

Branches:
Dungeon (4/15)
 Temple: D:4-7

Altars:
Xom

Annotations:
D:4 Raine357's ghost, amateur DEFE


Innate Abilities, Weirdness & Mutations

You have hooves in place of feet.
Armour fits poorly on your strangely shaped body.
You cover ground very quickly.
You have extremely tough skin. (AC +3)


Message History

You hit the wyvern. Your kick misses the wyvern.
The wyvern is lightly wounded.
The wyvern misses you.
The orc throws a stone.
The stone hits the wyvern but does no damage.
You hit the wyvern.
The wyvern is moderately wounded.
The wyvern bites you but does no damage.
The orc throws a stone.
The stone hits the wyvern but does no damage.
You hit the wyvern.
The wyvern is moderately wounded.
The wyvern closely misses you.
The orc throws a stone.
The stone hits the wyvern but does no damage.
You hit the wyvern. Your kick misses the wyvern.
The wyvern is moderately wounded.
The wyvern hisses menacingly.
The wyvern bites you.
* * * LOW HITPOINT WARNING * * *
The wyvern bites you!
You die...

##.....).####.##..##
##.....#....####..##
############...#
##.[# ##....##
##..## ##..
#......## #....# #..
#...##o(# ##..#..#
#.. #..
##(###.#####.##...#
#. #(l#..# #######
.. #@##.## ## #(##.#
# #(##.# ## ##..##
#. #### ##


You could see a wyvern and an orc.

Vanquished Creatures
  Sigmund (D:3)
  An ogre (D:3)
  A scorpion (D:4)
  2 orc wizards (D:4)
  An iguana (D:4)
  A worker ant (D:4)
  6 adders
  A worm (D:3)
  2 dart slugs
  3 leopard geckos
  9 orcs
  4 ball pythons
  4 giant cockroaches
  5 goblins
  5 hobgoblins
  2 jackals (D:4)
  A quokka (D:4)
  12 bats
  9 kobolds
  7 rats
  A butterfly (D:4)
78 creatures vanquished.

Notes
Turn   | Place    | Note
-------+----------+-------------------------------------------
     0 | D:1      | AlphabetPasta the Centaur Assassin began the quest for the Orb.
     0 | D:1      | Reached XP level 1. HP: 17/17 MP: 1/1
   172 | D:1      | Reached skill level 2 in Short Blades
   195 | D:1      | Reached XP level 2. HP: 24/24 MP: 2/2
   796 | D:2      | Reached XP level 3. HP: 19/29 MP: 3/3
   977 | D:2      | Reached skill level 1 in Dodging
  1274 | D:2      | Reached XP level 4. HP: 28/37 MP: 4/4
  1561 | D:3      | Found a shimmering altar of Xom.
  1680 | D:3      | Noticed Sigmund
  2150 | D:3      | Noticed an ogre
  2215 | D:3      | Killed an ogre
  2215 | D:3      | Reached skill level 3 in Short Blades
  2215 | D:3      | Reached XP level 5. HP: 23/44 MP: 5/5
  2371 | D:3      | Killed Sigmund
  2371 | D:3      | Reached XP level 6. HP: 23/51 MP: 6/6
  3041 | D:4      | Noticed Raine357's ghost (amateur DEFE)
  3532 | D:4      | Reached skill level 4 in Short Blades
  4169 | D:4      | Noticed a wyvern
  4203 | D:4      | Reached XP level 7. HP: 12/57 MP: 7/7
  4209 | D:4      | Slain by a wyvern

Vault maps used:
D:1:      lightli_arrival_statuegarden, patterned_corridor
D:3:      xom_butterflies, uniq_sigmund

Skill      XL: |  1  2  3  4  5  6 |
---------------+-------------------+-----
Short Blades   | 2 3 4 |  4.0
Dodging        | 1 |  1.9
Stealth        | 3 |  3.8
Fighting       | 3 |  3.2
Throwing       | 3 |  3.4

Action                   |  1- 3 |  4- 6 |  7- 9 || total
-------------------------+-------+-------+-------++-------
Melee: Dagger            |   131 |   179 |     5 ||   315
       Kick              |    15 |    40 |       ||    55
 Fire: Blowgun           |     3 |    38 |       ||    41
Evoke: Wand              |       |     3 |       ||     3
  Use: Scroll            |     4 |     4 |       ||     8
       Potion            |       |     3 |       ||     3
 Stab: Sleeping          |     3 |     2 |       ||     5
  Eat: Chunk             |       |     8 |       ||     8
Armor: Robe              |    67 |    75 |     1 ||   143
Dodge: Dodged            |    59 |    87 |     2 ||   148
